 Dungeon Crawl Stone Soup version 0.30.0-29-ga12c61a403 (webtiles) character file.

Game seed: 17716446089439130602

16629 qw the Cleaver (level 12, 0/77 HPs)
             Began as a Gargoyle Fighter on June 3, 2023.
             Was a Priest of Okawaru.
             Slain by a death yak (13 damage)
             ... on level 3 of the Lair of Beasts.
             The game lasted 00:06:25 (10922 turns).

qw the Cleaver (Gargoyle Fighter)                  Turns: 10922, Time: 00:06:25

Health: 0/77       AC: 36    Str: 23    XL:     12   Next: 39%
Magic:  13/15      EV:  9    Int: 11    God:    Okawaru [***...]
Gold:   560        SH:  6    Dex:  9    Spells: 11/11 levels left

rFire   + . .        h - +1 war axe
rCold   . . .        c - +0 buckler
rNeg    + . .        g - +0 plate armour
rPois   inf          t - +0 helmet
rElec   +            o - +2 cloak
rCorr   .            (no gloves)
SInv    .            p - +0 pair of boots
Will    .....        (no amulet) Stlth
                     e - +4 ring of protection
HPRegen 0.32/turn    b - ring of protection from fire
MPRegen 0.14/turn

%: no passive effects
@: about to teleport, heroic
A: sickness immunity, AC +8, negative energy resistance 1, electricity
resistance, torment resistance 1, petrification resistance
a: Renounce Religion, Heroism


You were on level 3 of the Lair of Beasts.
You worshipped Okawaru.
Okawaru was most pleased with you.
You visited 3 branches of the dungeon, and saw 13 of its levels.
You also visited: Ossuary.

You collected 560 gold pieces.


Innate Abilities, Weirdness & Mutations

You are immune to sickness and miasma.
Your stone body is resilient. (AC +8)
You are immune to poison.
You resist negative energy. (rN+)
You are resistant to electric shocks. (rElec)
You are resistant to unholy torment.
You are immune to petrification.


   Skills:
 - Level 10.2(15.2) Fighting
 - Level 13.1(18.1) Axes
 - Level 1.3(6.3) Throwing
 + Level 9.2(14.2) Armour
 - Level 3.4(8.4) Dodging
 - Level 6.2(11.2) Shields
 - Level 4.4 Invocations


You had 11 spell levels left.
You didn't know any spells.
Your spell library was empty.

Inventory:

Hand Weapons
 h - a +1 war axe (weapon)
 l - a +0 morningstar
Armour
 c - a +0 buckler (worn)
 g - a +0 plate armour (worn)
 o - a +2 cloak (worn)
 p - a +0 pair of boots (worn)
 t - a +0 helmet (worn)
Jewellery
 b - a ring of protection from fire (right hand)
 e - a +4 ring of protection (left hand)
 v - a ring of fire
 Y - a +6 ring of dexterity
Scrolls
 i - 3 scrolls of identify
 j - 2 scrolls of teleportation
Potions
 a - 4 potions of curing
 d - 2 potions of might
 f - a potion of attraction
 k - a potion of magic
 n - 3 potions of haste
 q - a potion of mutation
 r - a potion of cancellation
 w - a potion of lignification

Dungeon Overview and Level Annotations

Branches:
Dungeon (8/15)             Temple (1/1) D:6            Lair (4/5) D:8
 Shoals (0/4) Lair:2        Slime (0/5) Lair:4      Ossuary (visited)
  Snake: Lair:2-3    Spider: Lair:2-3

Altars:
Ashenzari
Dithmenos
Elyvilon
Fedhas
Gozag
Kikubaaqudgha
Makhleb
Nemelex Xobeh
Okawaru
Ru
Sif Muna
Uskayaw
Wu Jian
Xom
Yredelemnul
Zin
The Shining One
Jiyva

Shops:
D:2 *   D:4 (

Annotations:
D:8 3 runed translucent doors, qw's ghost, novice GrFi


Message History

You slash the death yak!
The death yak is almost dead.
You hit the death yak but do no damage. You slash the death yak!
You hit the death yak but do no damage.
The death yak gores you but does no damage. x4
You slice the death yak!!
You kill the death yak!
Okawaru accepts your kill.
You hit the death yak. You slash the death yak! You barely miss the death yak.
You slice the death yak!!
The death yak is severely wounded.
You hit the death yak. You slash the death yak! The death yak gores you!
The death yak gores you.
The death yak gores you but does no damage.
You slash the death yak!
The death yak is almost dead.
You hit the death yak. You slash the death yak! The death yak gores you!
The death yak gores you but does no damage.
The death yak barely misses you.
10919 ||| READING 3 scrolls of teleportation.
As you read the scroll of teleportation, it crumbles to dust.
You feel strangely unstable.
You feel like a meek peon again. You block the death yak's attack.
The death yak completely misses you. You block the death yak's attack.
10920 ||| DRINKING potion of heal wounds.
You feel much better.
The death yak gores you! x2; The death yak closely misses you.
10921 ||| INVOKING Heroism.
You gain the combat prowess of a mighty hero.
You can no longer speed up your combat.
You block the death yak's attack. The death yak gores you!
You block the death yak's attack.
You hit the death yak.
The death yak is almost dead.
You slash the death yak! x2
The death yak gores you but does no damage.
The death yak gores you. The death yak gores you!
You die...

..... .....
......
......
......#
.......##
......Y.##
......Y@.#
#####.Y....#
#.#.....#
...#......#
...
........#
.....
P........
...>
.....(...
<...
.#........


You could see 3 death yaks.

Vanquished Creatures
  A hydra (Lair:3)
  A death yak (Lair:3)
  A lindwurm (Lair:1)
  2 harpies (Lair:2)
  5 black mambas
  A torpor snail (D:8)
  A rime drake (Lair:2)
  7 cane toads
  3 komodo dragons
  A hornet (D:8)
  Grinder (D:5)
  8 blink frogs
  3 dream sheep (Lair:1)
  A shadow (D:7)
  Sigmund (D:4)
  A wyvern (Lair:1)
  6 yaks
  Eustachio (D:5)
  A basilisk (Lair:2)
  3 steam dragons
  2 water moccasins
  2 orc warriors
  2 sky beasts (D:8)
  2 ice beasts
  2 black bears
  A centaur (D:6)
  3 ogres
  12 wolves (Lair:1)
  A phantom (D:5)
  Blork the orc (D:5)
  A kobold brigand (D:8)
  9 bullfrogs
  A gnoll sergeant (D:8)
  5 scorpions
  4 water moccasin zombies (Ossuary)
  8 killer bees (D:8)
  A howler monkey (D:8)
  A jelly (D:4)
  6 hounds
  A gnoll bouda (D:6)
  5 orc priests
  Ijyb (D:5)
  3 orc wizards
  A sleepcap (D:4)
  3 mummies
  13 gnolls
  6 adders
  2 shadow imps
  2 ufetubi
  4 adder zombies (Ossuary)
  A worm (D:5)
  3 dart slugs
  18 orcs
  5 ball pythons
  11 bats
  5 endoplasms
  3 giant cockroaches
  6 gnoll zombies (Ossuary)
  5 goblins
  5 hobgoblins
  4 quokkas
  2 frilled lizards
  5 hobgoblin zombies
  11 kobolds
  5 kobold zombies (Ossuary)
  4 orc zombies
  10 rats
257 creatures vanquished.

Notes
Turn   | Place    | Note
-------+----------+-------------------------------------------
     0 | D:1      | qw the Gargoyle Fighter began the quest for the Orb.
     0 | D:1      | Reached XP level 1. HP: 14/14 MP: 1/1
     0 | D:1      | 0 ||| qw: Version: 0.2-a-103-g5a998e5
     0 | D:1      | 0 ||| qw: Game counter: 1032
     0 | D:1      | 0 ||| qw: Always use a shield: true
     0 | D:1      | 0 ||| qw: God list: Okawaru
     0 | D:1      | 0 ||| qw: Allow faded altars: false
     0 | D:1      | 0 ||| qw: Do Orc after D:15 true
     0 | D:1      | 0 ||| qw: Do second Lair branch before Depths: true
     0 | D:1      | 0 ||| qw: Lair rune preference: random
     0 | D:1      | 0 ||| qw: Plans: Normal, Zot:1-4, Slime:5, God:TSO, Crypt,
                  | Tomb, Pan, Hells, Abyss, Win
     0 | D:1      | 0 ||| PLANNING D:1-11
    48 | D:1      | Reached skill level 2 in Axes
   303 | D:1      | Reached XP level 2. HP: 19/19 MP: 2/2
   387 | D:1      | 387 ||| Stepping ~*~*~tactically~*~*~ (hiding).
   608 | D:1      | 608 ||| Stepping ~*~*~tactically~*~*~ (stealth).
   609 | D:1      | 609 ||| Stepping ~*~*~tactically~*~*~ (stealth).
   788 | D:1      | Reached skill level 3 in Axes
   802 | D:1      | 802 ||| Stepping ~*~*~tactically~*~*~ (stealth).
   863 | D:1      | Reached XP level 3. HP: 23/23 MP: 3/3
   917 | D:1      | 917 ||| UPGRADING to +0 plate armour.
   927 | D:1      | 927 ||| DROPPING +0 scale mail.
   928 | D:1      | 928 ||| UPGRADING to +1 cloak.
   933 | D:1      | 933 ||| READING scroll labelled NERATT KASMOE.
   934 | D:1      | 934 ||| READING scroll labelled BIOMUV EFIKORCH.
  1035 | D:1      | 1035 ||| READING scroll labelled NEVVAHUWNE.
  1040 | D:1      | 1040 ||| READING scroll labelled DAAGEO DIOGGOMP.
  1159 | D:2      | 1159 ||| Stepping ~*~*~tactically~*~*~ (stealth).
  1196 | D:2      | Identified the +1 robe of the Moon Troll {Regen+ Int+4}
  1263 | D:2      | You fall into a shaft and drop 1 floor!
  1264 | D:3      | 1264 ||| READING scroll labelled VUEC PIUROCYUVUSU.
  1692 | D:2      | Reached XP level 4. HP: 28/28 MP: 4/4
  1698 | D:2      | Found Nuokh's General Store.
  1706 | D:2      | 1706 ||| SHOPLISTING +0 ice dragon scales (600 gold, have
                  | 22).
  1706 | D:2      | 1706 ||| SHOPLISTING scroll of enchant weapon (75 gold,
                  | have 22).
  1742 | D:2      | 1742 ||| UPGRADING to +4 ring of protection.
  1743 | D:2      | 1743 ||| DRINKING 2 fuming brown potions.
  1744 | D:2      | 1744 ||| DROPPING potion of brilliance.
  1792 | D:3      | 1792 ||| Stepping ~*~*~tactically~*~*~ (hiding).
  1806 | D:3      | Reached skill level 4 in Axes
  1807 | D:3      | 1807 ||| DROPPING +0 club.
  1826 | D:3      | Found a blossoming altar of Fedhas.
  1832 | D:3      | 1832 ||| Stepping ~*~*~tactically~*~*~ (stealth).
  1833 | D:3      | 1833 ||| Stepping ~*~*~tactically~*~*~ (stealth).
  1835 | D:3      | 1835 ||| Stepping ~*~*~tactically~*~*~ (stealth).
  1842 | D:3      | 1842 ||| FLEEEEING.
  1843 | D:3      | 1843 ||| FLEEEEING.
  1844 | D:3      | 1844 ||| FLEEEEING.
  1845 | D:3      | 1845 ||| FLEEEEING.
  1846 | D:3      | 1846 ||| FLEEEEING.
  1847 | D:3      | 1847 ||| FLEEEEING.
  1848 | D:3      | 1848 ||| FLEEEEING.
  1849 | D:3      | 1849 ||| FLEEEEING.
  1850 | D:3      | 1850 ||| FLEEEEING.
  1851 | D:3      | 1851 ||| FLEEEEING.
  1852 | D:3      | 1852 ||| FLEEEEING.
  1855 | D:3      | 1855 ||| FLEEEEING.
  1856 | D:3      | 1856 ||| FLEEEEING.
  1857 | D:3      | 1857 ||| FLEEEEING.
  1858 | D:3      | 1858 ||| FLEEEEING.
  1859 | D:3      | 1859 ||| FLEEEEING.
  1860 | D:3      | 1860 ||| FLEEEEING.
  1861 | D:3      | 1861 ||| FLEEEEING.
  1862 | D:3      | 1862 ||| STAIRDANCE
  1913 | D:3      | 1913 ||| DROPPING +0 whip.
  1969 | D:3      | Found a faded altar of an unknown god.
  1974 | D:3      | Found a shimmering blue altar of Sif Muna.
  2018 | D:3      | Identified the staff of fire "Goemics" {rF+ rN++ Str+2}
  2059 | D:3      | Reached XP level 5. HP: 30/32 MP: 5/5
  2110 | D:3      | 2110 ||| Stepping ~*~*~tactically~*~*~ (stealth).
  2113 | D:3      | 2113 ||| Stepping ~*~*~tactically~*~*~ (stealth).
  2115 | D:3      | 2115 ||| Stepping ~*~*~tactically~*~*~ (stealth).
  2191 | D:3      | Found an opulent altar of Gozag.
  2325 | D:3      | 2325 ||| DRINKING 2 puce potions.
  2330 | D:4      | 2330 ||| PLANNING OSSUARY
  2384 | D:4      | Reached skill level 5 in Axes
  2427 | D:4      | Reached XP level 6. HP: 38/38 MP: 6/6
  2431 | D:4      | Noticed Sigmund
  2436 | D:4      | 2436 ||| DRINKING potion of curing.
  2436 | D:4      | 2436 ||| (to cure confusion)
  2447 | D:4      | Killed Sigmund
  2448 | D:4      | Reached skill level 6 in Axes
  2524 | D:4      | Found a shadowy altar of Dithmenos.
  2529 | D:4      | 2529 ||| Stepping ~*~*~tactically~*~*~ (stealth).
  2595 | D:4      | Reached XP level 7. HP: 43/43 MP: 7/7
  2621 | D:4      | Found a white marble altar of Elyvilon.
  2722 | D:4      | Found a broken altar of Ashenzari.
  2726 | D:4      | Saw a vision of the Shoals and the Spider Nest.
  2726 | D:4      | Noticed a water elemental
  2726 | D:4      | Noticed a merfolk
  2726 | D:4      | Noticed a kraken
  2726 | D:4      | Noticed a merfolk
  2726 | D:4      | Noticed a sea snake
  2726 | D:4      | Noticed a water elemental
  2726 | D:4      | Noticed a redback
  2726 | D:4      | Noticed a pharaoh ant
  2726 | D:4      | Noticed a pharaoh ant
  2726 | D:4      | Noticed a wolf spider
  2726 | D:4      | Noticed a steelbarb worm
  2726 | D:4      | Noticed a water nymph
  2727 | D:4      | Noticed a jumping spider
  2727 | D:4      | Noticed a pharaoh ant
  2727 | D:4      | Noticed a meliai
  2756 | D:4      | Found a sand-covered staircase.
  2761 | D:4      | 2761 ||| UPGRADING to +2 cloak.
  2771 | D:4      | 2771 ||| DROPPING +1 cloak.
  2772 | D:4      | 2772 ||| READING scroll labelled MOJISU CEIRORR.
  2773 | D:4      | 2773 ||| READING 3 scrolls labelled WAIMIME ZAODUUNAI.
  2774 | D:4      | 2774 ||| DRINKING 2 pink potions.
  2775 | D:4      | 2775 ||| DROPPING 2 scrolls of blinking.
  2779 | Ossuary  | Entered an ossuary
  2940 | Ossuary  | Reached skill level 7 in Axes
  3066 | Ossuary  | 3066 ||| DRINKING 3 red potions.
  3067 | Ossuary  | 3067 ||| DRINKING 2 bubbling inky potions.
  3068 | Ossuary  | 3068 ||| DROPPING 2 potions of magic.
  3076 | D:4      | 3076 ||| PLANNING D:1-11
  3083 | D:4      | 3083 ||| STAIRDANCE
  3087 | D:4      | 3087 ||| STAIRDANCE
  3091 | D:4      | 3091 ||| STAIRDANCE
  3095 | D:4      | 3095 ||| STAIRDANCE
  3099 | D:4      | 3099 ||| STAIRDANCE
  3103 | D:4      | 3103 ||| STAIRDANCE
  3107 | D:4      | 3107 ||| STAIRDANCE
  3111 | D:4      | 3111 ||| STAIRDANCE
  3115 | D:4      | 3115 ||| STAIRDANCE
  3119 | D:4      | 3119 ||| STAIRDANCE
  3123 | D:4      | 3123 ||| STAIRDANCE
  3127 | D:4      | 3127 ||| STAIRDANCE
  3131 | D:4      | 3131 ||| STAIRDANCE
  3135 | D:4      | 3135 ||| STAIRDANCE
  3139 | D:4      | 3139 ||| STAIRDANCE
  3143 | D:4      | 3143 ||| STAIRDANCE
  3147 | D:4      | 3147 ||| STAIRDANCE
  3151 | D:4      | 3151 ||| STAIRDANCE
  3155 | D:4      | 3155 ||| STAIRDANCE
  3159 | D:4      | 3159 ||| STAIRDANCE
  3262 | D:4      | Found a sparkling altar of Nemelex Xobeh.
  3338 | D:4      | Found Pevutege's Firing Range.
  3393 | D:4      | 3393 ||| READING 2 scrolls of identify.
  3393 | D:4      | 3393 ||| IDENTIFYING bubbling white potion
  3394 | D:4      | 3394 ||| DROPPING potion of invisibility.
  3409 | D:5      | Entered Level 5 of the Dungeon
  3439 | D:5      | Noticed Ijyb
  3455 | D:5      | Killed Ijyb
  3481 | D:5      | Reached skill level 1 in Dodging
  3481 | D:5      | Reached XP level 8. HP: 22/49 MP: 8/8
  3751 | D:5      | Noticed Eustachio
  3752 | D:5      | 3752 ||| Stepping ~*~*~tactically~*~*~ (hiding).
  3754 | D:5      | 3754 ||| Stepping ~*~*~tactically~*~*~ (hiding).
  3784 | D:5      | Killed Eustachio
  3887 | D:5      | Reached skill level 8 in Axes
  3941 | D:5      | Noticed Blork the orc
  3956 | D:5      | Killed Blork the orc
  4127 | D:5      | Reached skill level 6 in Fighting
  4421 | D:5      | Noticed Grinder
  4443 | D:5      | Killed Grinder
  4444 | D:5      | Reached skill level 6 in Armour
  4444 | D:5      | Reached XP level 9. HP: 39/55 MP: 9/9
  4502 | D:5      | 4502 ||| UPGRADING to +6 ring of dexterity.
  4503 | D:5      | 4503 ||| READING scroll labelled TUYNIS OTHO.
  4504 | D:5      | 4504 ||| READING scroll labelled TUNGOBB MIPEMO.
  4505 | D:5      | 4505 ||| DRINKING 2 smoky dark potions.
  4551 | D:6      | 4551 ||| Stepping ~*~*~tactically~*~*~ (stealth).
  4552 | D:6      | 4552 ||| Stepping ~*~*~tactically~*~*~ (stealth).
  4678 | D:6      | 4678 ||| Stepping ~*~*~tactically~*~*~ (hiding).
  4695 | D:6      | Identified the +1 robe "Qopuus Zeal" {rC+ MP-9 Dex+4 SInv}
  4721 | D:6      | Found an ancient bone altar of Kikubaaqudgha.
  4751 | D:6      | Reached skill level 9 in Axes
  5108 | D:6      | 5108 ||| Stepping ~*~*~tactically~*~*~ (hiding).
  5138 | D:6      | Found a staircase to the Ecumenical Temple.
  5139 | D:6      | 5139 ||| PLANNING TEMPLE
  5139 | D:6      | 5139 ||| UPGRADING to +0 pair of boots.
  5144 | D:6      | 5144 ||| READING 2 scrolls of identify.
  5144 | D:6      | 5144 ||| IDENTIFYING orange potion
  5145 | D:6      | 5145 ||| DROPPING potion of degeneration.
  5154 | Temple   | Entered the Ecumenical Temple
  5155 | Temple   | 5155 ||| PLANNING D:1-11
  5218 | D:6      | Found a basalt altar of Yredelemnul.
  5390 | D:6      | Found a burning altar of Makhleb.
  5432 | D:7      | 5432 ||| Stepping ~*~*~tactically~*~*~ (hiding).
  5433 | D:7      | 5433 ||| Stepping ~*~*~tactically~*~*~ (hiding).
  5444 | D:7      | 5444 ||| Stepping ~*~*~tactically~*~*~ (cloud).
  5450 | D:7      | 5450 ||| FLEEEEING.
  5451 | D:7      | 5451 ||| DRINKING 5 potions of curing.
  5451 | D:7      | 5451 ||| (to cure confusion)
  5629 | D:7      | Found a shimmering altar of Xom.
  5722 | D:7      | Reached skill level 1 in Throwing
  5871 | D:7      | 5871 ||| Stepping ~*~*~tactically~*~*~ (stealth).
  5873 | D:7      | 5873 ||| Stepping ~*~*~tactically~*~*~ (hiding).
  5876 | D:7      | 5876 ||| Stepping ~*~*~tactically~*~*~ (hiding).
  6733 | D:7      | 6733 ||| UPGRADING to +0 helmet.
  6738 | D:7      | 6738 ||| READING scroll labelled YZENOK DELIDISA.
  6739 | D:7      | 6739 ||| READING scroll labelled CYSOCKAIHA.
  6740 | D:7      | 6740 ||| READING scroll labelled DUUDOA ETRA.
  6741 | D:7      | 6741 ||| READING 3 scrolls of identify.
  6741 | D:7      | 6741 ||| IDENTIFYING inky potion
  6742 | D:7      | 6742 ||| READING 2 scrolls of identify.
  6742 | D:7      | 6742 ||| IDENTIFYING fizzy purple potion
  6743 | D:7      | 6743 ||| DROPPING potion of ambrosia.
  6784 | D:8      | Found a sacrificial altar of Ru.
  6825 | D:8      | 6825 ||| Stepping ~*~*~tactically~*~*~ (stealth).
  6886 | D:8      | Reached skill level 10 in Axes
  6886 | D:8      | Reached XP level 10. HP: 37/63 MP: 10/10
  7004 | D:8      | 7004 ||| Stepping ~*~*~tactically~*~*~ (stealth).
  7144 | D:8      | Found an iron altar of Okawaru.
  7145 | D:8      | 7145 ||| PLANNING OKAWARU WORSHIP
  7149 | D:8      | Became a worshipper of Warmaster Okawaru
  7149 | D:8      | 7149 ||| PLANNING D:1-11
  7176 | D:8      | Found a runed translucent gate.
  7177 | D:8      | Found a runed translucent gate.
  7178 | D:8      | Found a runed translucent gate.
  7179 | D:8      | Noticed qw's ghost (novice GrFi)
  7201 | D:8      | 7201 ||| FLEEEEING.
  7202 | D:8      | 7202 ||| FLEEEEING.
  7203 | D:8      | 7203 ||| FLEEEEING.
  7204 | D:8      | 7204 ||| FLEEEEING.
  7205 | D:8      | 7205 ||| FLEEEEING.
  7209 | D:8      | 7209 ||| FLEEEEING.
  7210 | D:8      | 7210 ||| FLEEEEING.
  7211 | D:8      | 7211 ||| FLEEEEING.
  7212 | D:8      | 7212 ||| FLEEEEING.
  7213 | D:8      | 7213 ||| FLEEEEING.
  7214 | D:8      | 7214 ||| FLEEEEING.
  7215 | D:8      | 7215 ||| FLEEEEING.
  7216 | D:8      | 7216 ||| FLEEEEING.
  7217 | D:8      | 7217 ||| FLEEEEING.
  7218 | D:8      | 7218 ||| FLEEEEING.
  7219 | D:8      | 7219 ||| FLEEEEING.
  7220 | D:8      | 7220 ||| FLEEEEING.
  7221 | D:8      | 7221 ||| FLEEEEING.
  7222 | D:8      | 7222 ||| FLEEEEING.
  7223 | D:8      | 7223 ||| FLEEEEING.
  7224 | D:8      | 7224 ||| FLEEEEING.
  7225 | D:8      | 7225 ||| FLEEEEING.
  7229 | D:8      | 7229 ||| FLEEEEING.
  7230 | D:8      | 7230 ||| FLEEEEING.
  7231 | D:8      | 7231 ||| FLEEEEING.
  7232 | D:8      | 7232 ||| FLEEEEING.
  7233 | D:8      | 7233 ||| FLEEEEING.
  7234 | D:8      | 7234 ||| FLEEEEING.
  7235 | D:8      | 7235 ||| FLEEEEING.
  7248 | D:8      | 7248 ||| DRINKING 5 potions of curing.
  7248 | D:8      | 7248 ||| (to cure confusion)
  7302 | D:8      | 7302 ||| Invisibility monster not found???
  7396 | D:8      | Found a staircase to the Lair.
  7599 | D:8      | Found an ornate altar of the Wu Jian Council.
  7870 | D:8      | 7870 ||| Stepping ~*~*~tactically~*~*~ (stealth).
  7871 | D:8      | 7871 ||| Stepping ~*~*~tactically~*~*~ (stealth).
  7872 | D:8      | 7872 ||| Stepping ~*~*~tactically~*~*~ (stealth).
  8092 | D:8      | 8092 ||| Stepping ~*~*~tactically~*~*~ (water).
  8164 | D:8      | Found a glowing silver altar of Zin.
  8277 | D:8      | Found a hide-covered altar of Uskayaw.
  8464 | D:8      | Reached * piety under Okawaru
  8465 | D:8      | 8465 ||| INVOKING Heroism.
  8621 | D:8      | 8621 ||| PLANNING LAIR
  8621 | D:8      | 8621 ||| DROPPING +6 ring of intelligence.
  8622 | D:8      | 8622 ||| READING scroll labelled BUQUCHUS RYXA.
  8623 | D:8      | 8623 ||| READING scroll labelled INUFFUBEPP.
  8666 | D:8      | 8666 ||| DRINKING 2 brown potions.
  8667 | D:8      | 8667 ||| READING 2 scrolls of identify.
  8667 | D:8      | 8667 ||| IDENTIFYING golden potion
  8694 | Lair:1   | Entered Level 1 of the Lair of Beasts
  8703 | Lair:1   | Noticed a cane toad
  8709 | Lair:1   | Killed a cane toad
  8746 | Lair:1   | 8746 ||| INVOKING Heroism.
  8764 | Lair:1   | Reached skill level 11 in Axes
  8890 | Lair:1   | Noticed a cane toad
  8891 | Lair:1   | 8891 ||| INVOKING Heroism.
  8902 | Lair:1   | Killed a cane toad
  8903 | Lair:1   | Reached skill level 1 in Invocations
  8984 | Lair:1   | 8984 ||| INVOKING Heroism.
  8997 | Lair:1   | 8997 ||| INVOKING Heroism.
  9002 | Lair:1   | Reached skill level 3 in Invocations
  9006 | Lair:1   | Reached XP level 11. HP: 35/68 MP: 9/13
  9009 | Lair:1   | Reached ** piety under Okawaru
  9117 | Lair:1   | 9117 ||| INVOKING Heroism.
  9323 | Lair:1   | Reached skill level 9 in Fighting
  9358 | Lair:1   | 9358 ||| INVOKING Heroism.
  9373 | Lair:1   | 9373 ||| INVOKING Heroism.
  9384 | Lair:1   | Reached *** piety under Okawaru
  9397 | Lair:1   | 9397 ||| FLEEEEING.
  9398 | Lair:1   | 9398 ||| FLEEEEING.
  9399 | Lair:1   | 9399 ||| FLEEEEING.
  9400 | Lair:1   | 9400 ||| FLEEEEING.
  9401 | Lair:1   | 9401 ||| FLEEEEING.
  9402 | Lair:1   | 9402 ||| FLEEEEING.
  9405 | Lair:1   | 9405 ||| FLEEEEING.
  9406 | Lair:1   | 9406 ||| FLEEEEING.
  9407 | Lair:1   | 9407 ||| FLEEEEING.
  9408 | Lair:1   | 9408 ||| FLEEEEING.
  9409 | Lair:1   | 9409 ||| FLEEEEING.
  9410 | Lair:1   | 9410 ||| FLEEEEING.
  9411 | Lair:1   | 9411 ||| FLEEEEING.
  9412 | Lair:1   | 9412 ||| FLEEEEING.
  9413 | Lair:1   | 9413 ||| FLEEEEING.
  9414 | Lair:1   | 9414 ||| FLEEEEING.
  9415 | Lair:1   | 9415 ||| FLEEEEING.
  9416 | Lair:1   | 9416 ||| FLEEEEING.
  9417 | Lair:1   | 9417 ||| FLEEEEING.
  9418 | Lair:1   | 9418 ||| FLEEEEING.
  9419 | Lair:1   | 9419 ||| FLEEEEING.
  9420 | Lair:1   | 9420 ||| FLEEEEING.
  9422 | Lair:1   | 9422 ||| FLEEEEING.
  9423 | Lair:1   | 9423 ||| FLEEEEING.
  9424 | Lair:1   | 9424 ||| FLEEEEING.
  9425 | Lair:1   | 9425 ||| FLEEEEING.
  9426 | Lair:1   | 9426 ||| FLEEEEING.
  9427 | Lair:1   | 9427 ||| FLEEEEING.
  9428 | Lair:1   | 9428 ||| FLEEEEING.
  9429 | Lair:1   | 9429 ||| FLEEEEING.
  9430 | Lair:1   | 9430 ||| FLEEEEING.
  9431 | Lair:1   | 9431 ||| FLEEEEING.
  9432 | Lair:1   | 9432 ||| FLEEEEING.
  9433 | Lair:1   | 9433 ||| FLEEEEING.
  9434 | Lair:1   | 9434 ||| FLEEEEING.
  9435 | Lair:1   | 9435 ||| FLEEEEING.
  9436 | Lair:1   | 9436 ||| FLEEEEING.
  9437 | Lair:1   | 9437 ||| FLEEEEING.
  9438 | Lair:1   | 9438 ||| FLEEEEING.
  9439 | Lair:1   | 9439 ||| FLEEEEING.
  9440 | Lair:1   | 9440 ||| FLEEEEING.
  9441 | Lair:1   | 9441 ||| FLEEEEING.
  9442 | Lair:1   | 9442 ||| FLEEEEING.
  9443 | Lair:1   | 9443 ||| FLEEEEING.
  9444 | Lair:1   | 9444 ||| FLEEEEING.
  9445 | Lair:1   | 9445 ||| FLEEEEING.
  9446 | Lair:1   | 9446 ||| FLEEEEING.
  9447 | Lair:1   | 9447 ||| FLEEEEING.
  9448 | Lair:1   | 9448 ||| STAIRDANCE
  9498 | D:8      | 9498 ||| DROPPING scarf of harm.
  9499 | D:8      | 9499 ||| READING scroll labelled OGE YTEALO.
  9526 | Lair:1   | 9526 ||| STAIRDANCE
  9528 | D:8      | 9528 ||| INVOKING Heroism.
  9542 | D:8      | 9542 ||| INVOKING Heroism.
  9544 | D:8      | Reached skill level 12 in Axes
  9778 | Lair:1   | Noticed a lindwurm
  9779 | Lair:1   | 9779 ||| Stepping ~*~*~tactically~*~*~ (hiding).
  9781 | Lair:1   | 9781 ||| Stepping ~*~*~tactically~*~*~ (hiding).
  9785 | Lair:1   | 9785 ||| INVOKING Heroism.
  9793 | Lair:1   | Killed a lindwurm
 10083 | Lair:2   | 10083 ||| PLANNING GAUNTLET
 10083 | Lair:2   | 10083 ||| INVOKING Heroism.
 10091 | Lair:2   | Reached skill level 9 in Armour
 10113 | Lair:2   | 10113 ||| INVOKING Heroism.
 10141 | Lair:2   | Reached skill level 6 in Shields
 10185 | Lair:2   | 10185 ||| INVOKING Heroism.
 10249 | Lair:2   | Found a staircase to the Shoals.
 10249 | Lair:2   | Noticed a harpy
 10249 | Lair:2   | Noticed a harpy
 10260 | Lair:2   | Killed a harpy
 10261 | Lair:2   | Reached skill level 3 in Dodging
 10271 | Lair:2   | 10271 ||| INVOKING Heroism.
 10283 | Lair:2   | Killed a harpy
 10376 | Lair:2   | 10376 ||| Stepping ~*~*~tactically~*~*~ (hiding).
 10377 | Lair:2   | 10377 ||| Stepping ~*~*~tactically~*~*~ (hiding).
 10378 | Lair:2   | 10378 ||| INVOKING Heroism.
 10382 | Lair:2   | HP: 13/71 [black mamba (10)]
 10383 | Lair:2   | 10383 ||| READING 4 scrolls of teleportation.
 10384 | Lair:2   | 10384 ||| DRINKING 2 potions of heal wounds.
 10387 | Lair:2   | 10387 ||| Stepping ~*~*~tactically~*~*~ (stealth).
 10398 | Lair:2   | Reached XP level 12. HP: 47/77 MP: 15/15
 10420 | Lair:2   | 10420 ||| Stepping ~*~*~tactically~*~*~ (stealth).
 10421 | Lair:2   | 10421 ||| Stepping ~*~*~tactically~*~*~ (stealth).
 10440 | Lair:2   | Received a gift from Okawaru
 10555 | Lair:2   | 10555 ||| RIP GAUNTLET
 10556 | Lair:2   | 10556 ||| PLANNING LAIR
 10668 | Lair:2   | You fall into a shaft and drop 2 floors!
 10669 | Lair:4   | 10669 ||| INVOKING Heroism.
 10679 | Lair:4   | 10679 ||| Stepping ~*~*~tactically~*~*~ (stealth).
 10691 | Lair:4   | 10691 ||| Stepping ~*~*~tactically~*~*~ (stealth).
 10698 | Lair:4   | 10698 ||| INVOKING Heroism.
 10753 | Lair:4   | Reached **** piety under Okawaru
 10825 | Lair:4   | Found a viscous altar of Jiyva.
 10828 | Lair:4   | Found a staircase to the Slime Pits.
 10834 | Lair:4   | 10834 ||| UPGRADING to ring of protection from fire.
 10842 | Lair:4   | 10842 ||| Stepping ~*~*~tactically~*~*~ (stealth).
 10844 | Lair:4   | 10844 ||| INVOKING Heroism.
 10874 | Lair:3   | Noticed a six-headed hydra
 10879 | Lair:3   | 10879 ||| INVOKING Heroism.
 10880 | Lair:3   | 10880 ||| SWAPPING to +0 morningstar.
 10892 | Lair:3   | 10892 ||| INVOKING Heroism.
 10893 | Lair:3   | Killed a six-headed hydra
 10893 | Lair:3   | Noticed a death yak
 10894 | Lair:3   | Reached skill level 13 in Axes
 10894 | Lair:3   | 10894 ||| SWAPPING to +1 war axe.
 10895 | Lair:3   | Noticed a death yak
 10897 | Lair:3   | Noticed a death yak
 10898 | Lair:3   | Noticed a death yak
 10916 | Lair:3   | Killed a death yak
 10918 | Lair:3   | HP: 15/77 [death yak (11)]
 10919 | Lair:3   | 10919 ||| READING 3 scrolls of teleportation.
 10920 | Lair:3   | 10920 ||| DRINKING potion of heal wounds.
 10921 | Lair:3   | 10921 ||| INVOKING Heroism.
 10922 | Lair:3   | Slain by a death yak

Levels and vault maps discovered:
D:1:      dpeg_arrival_ratfight, layout_basic, corexii_leaking_fountain,
          skrybe_limestone_x
D:2:      layout_loops_ring, serial_shops, nicolae_shop_crystal
D:3:      kennysheep_big_flooded_room, layout_rooms, fedhas_altar_3,
          grunt_gozag_statues, nicolae_overflow_ecumenical_swirl
D:4:      layout_rooms, grunt_dithmenos_smoke, grunt_ashenzari_visionary
          [grunt_ashenzari_visionary_shoals, grunt_ashenzari_visionary_spider],
          nicolae_overflow_crystal_walls, amcnicky_altar_gilded,
          nicolae_ossuary_entry_giza, nicolae_shop_firing_range, uniq_sigmund
D:5:      layout_cave_pods, uniq_blork_the_orc, uniq_eustachio, uniq_grinder,
          uniq_ijyb
D:6:      layout_basic, nicolae_kikubaaqudgha_miasma_corner,
          makhleb_heckhound_becter, mainiacjoe_overflow_six_doors_small,
          minmay_temple_entry_drinking_statues, chequers_mini_garden,
          minivault_23, kennysheep_generic_room_15
D:7:      layout_layer_cave, xom_teletrap_fun
D:8:      layout_basic, nicolae_ru_sacrificial_ziggurat,
          hellmonk_okawaru_the_only_friend_you_need, nicolae_uskayaw_suspiria,
          mainiacjoe_overflow_paths, nzn_wu_jian_contemplation,
          lair_entry_dummy, gammafunk_ghost_nasty_kobolds,
          minmay_misc_feat_doors, eino_jars
Temple:   ebering_the_one_and_only
Lair:1:   layout_chaotic_city
Lair:2:   layout_long_grid, nicolae_shoals_entry_roost,
          spider_nest_entry_funnel_web, gauntlet_entry_generic,
          serial_bayou_shore_b, lemuel_fruit_fields, grunt_megastairs_3
Lair:3:   regret_index_combs_of_tragedy, layout_regular_city,
          nicolae_volcano_entry_lava_flow, minivault_19, serial_bayou_lagoon_a,
          uniq_josephine, uniq_gastronok, uniq_nessos
Lair:4:   layout_cave_pods, slime_entry_1, portal_ice_cave_entry_ice_simulacra,
          nzn_sisyphean_effort, infiniplex_staircase_pool, grunt_megastairs_5,
          lemuel_fruit_fields, lemuel_fruit_tree

Skill      XL: |  1  2  3  4  5  6  7  8  9 10 11 12 |
---------------+-------------------------------------+-----
Axes           | 2 3 4 5 6 7 8 10 11 12 13 | 13.1
Fighting       | 4 5 6 7 8 9 10 | 10.2
Armour         | 4 6 8 9 |  9.2
Dodging        | 1 2 3 |  3.4
Shields        | 4 5 6 |  6.2
Throwing       | 1 |  1.3
Invocations    | 3 4 |  4.4

Action                     |  1- 3 |  4- 6 |  7- 9 | 10-12 || total
---------------------------+-------+-------+-------+-------++-------
  Melee: War axe           |   116 |    95 |   436 |   467 ||  1114
         Morningstar       |       |       |       |    12 ||    12
  Throw: Boomerang         |       |       |     9 |    63 ||    72
 Invoke: Heroism           |       |       |       |    22 ||    22
    Use: Scroll            |     5 |       |    11 |     6 ||    22
         Potion            |       |     3 |     5 |     4 ||    12
 Armour: Scale mail        |    37 |       |       |       ||    37
         Plate armour      |    47 |    73 |   319 |   382 ||   821
  Dodge: Dodged            |    38 |    22 |   124 |   204 ||   388
  Block: Buckler           |    16 |    13 |    77 |   143 ||   249

Table legend:
 A = Non-vault XP
 B = Vault XP
 C = Vault XP percentage of total XP
 D = Non-vault monster count
 E = Vault monster count
 F = Vault count percentage of total count
                 A         B        C        D         E       F
            +---------+---------+-------+---------+---------+-------
      Total |   19077 |    4679 |  19.7 |     195 |      62 |  24.1
            +---------+---------+-------+---------+---------+-------
        D:1 |      29 |       5 |  14.7 |      19 |       5 |  20.8
        D:2 |      59 |       0 |   0.0 |      20 |       0 |   0.0
        D:3 |     114 |      15 |  11.6 |      16 |       2 |  11.1
        D:4 |     206 |     232 |  53.0 |      14 |       4 |  22.2
        D:5 |     715 |     610 |  46.0 |      12 |       4 |  25.0
        D:6 |     801 |     242 |  23.2 |      21 |       3 |  12.5
        D:7 |     861 |       0 |   0.0 |      14 |       0 |   0.0
        D:8 |    2592 |     497 |  16.1 |      28 |       8 |  22.2
     Lair:1 |    7157 |       0 |   0.0 |      32 |       0 |   0.0
     Lair:2 |    3591 |    1649 |  31.5 |      12 |       3 |  20.0
     Lair:3 |    1681 |       0 |   0.0 |       2 |       0 |   0.0
     Lair:4 |    1271 |    1030 |  44.8 |       5 |       5 |  50.0
    Ossuary |       0 |     399 | 100.0 |       0 |      28 | 100.0
            +---------+---------+-------+---------+---------+-------
